AAA
DURHAM BULLS @ PAWTUCKET RED SOX
04/29/2052
 
TOP OF THE 1ST
Norfolk Tides batting - Pitching for Orlando Wizards : RHP Jimmy Robinson
Pitching: RHP Jimmy Robinson
Batting: LHB Cooper Rasmussen 0-0: Ground out U3 (Groundball, 3L, EV 107.5 MPH)
Batting: RHB Dylan Wagner 0-0: Swinging Strike
0-1: Fly out, F7 (Line Drive, 7, EV 104.4 MPH)
Batting: LHB Hunter Nachreiner 0-0: Swinging Strike
0-1: Ball
1-1: Ground out 6-3 (Groundball, 6D, EV 86.9 MPH)
Top of the 1st over - 0 runs, 0 hits, 0 errors, 0 left on base; Norfolk 0 - Orlando 0
BOTTOM OF THE 1ST
Orlando Wizards batting - Pitching for Norfolk Tides : LHP Gunner Merrill
Pitching: LHP Gunner Merrill
Batting: SHB Victor Manuel Lisboa 0-0: Ball
1-0: Foul Ball, location: 2F
1-1: Ball
2-1: Ball
3-1: Ground out 5-3 (Groundball, 56, EV 86.2 MPH)
Batting: RHB Carey Speer 0-0: DOUBLE (Groundball, 3L, EV 103.8 MPH)
Batting: RHB Ryan DesMarais 0-0: Called Strike
0-1: Ball
1-1: Swinging Strike
1-2: Strikes out swinging
Batting: LHB Montana Santoscoy 0-0: 2-RUN HOME RUN (Flyball, 9LD, EV 91.9 MPH), Distance : 355 ft
Batting: LHB Danny Gore 0-0: Called Strike
0-1: Ground out 6-3 (Groundball, 6, EV 78.8 MPH)
Bottom of the 1st over - 2 runs, 2 hits, 0 errors, 0 left on base; Norfolk 0 - Orlando 2
TOP OF THE 2ND
Norfolk Tides batting - Pitching for Orlando Wizards : RHP Jimmy Robinson
Batting: RHB Austin Zinger 0-0: Ball
1-0: Foul Ball, location: 2F
1-1: Ball
2-1: Foul Ball, location: 2F
2-2: Ground out 6-3 (Groundball, 6MD, EV 103.1 MPH)
Batting: RHB Antonio Martinez 0-0: Fly out, F4 (Line Drive, 4, EV 60.6 MPH)
Batting: SHB William Wheeler 0-0: Foul Ball, location: 2F
0-1: Ground out 4-3 (Groundball, 4, EV 86.2 MPH)
Top of the 2nd over - 0 runs, 0 hits, 0 errors, 0 left on base; Norfolk 0 - Orlando 2
BOTTOM OF THE 2ND
Orlando Wizards batting - Pitching for Norfolk Tides : LHP Gunner Merrill
Batting: LHB Bridger Davis 0-0: SINGLE (Groundball, 4MD, EV 103.1 MPH)
Batting: RHB Tevon Banks 0-0: Ball
1-0: Fielders Choice at 2nd, 5-4 (Groundball, 56, EV 80.6 MPH)
Batting: RHB Ricky Alvarado 0-0: Ball
1-0: Swinging Strike
1-1: Swinging Strike
1-2: Strikes out swinging
Batting: LHB Tim Combs 0-0: Called Strike
0-1: Ball
1-1: Called Strike
1-2: Foul Ball, location: 2F
1-2: SINGLE (Groundball, 56D, EV 103.8 MPH)
Tevon Banks to second
Batting: SHB Victor Manuel Lisboa 0-0: Called Strike
0-1: Ball
1-1: Reached on error, E4 (Groundball, 4M, EV 84.4 MPH)
Tevon Banks to third
Tim Combs to second
Batting: RHB Carey Speer 0-0: Ground out 5-3 (Groundball, 56S, EV 86.9 MPH)
Bottom of the 2nd over - 0 runs, 2 hits, 1 error, 3 left on base; Norfolk 0 - Orlando 2
TOP OF THE 3RD
Norfolk Tides batting - Pitching for Orlando Wizards : RHP Jimmy Robinson
Batting: LHB Pete Hardin 0-0: Called Strike
0-1: Ball
1-1: Ball
2-1: Ground out 6-3 (Groundball, 56, EV 86.9 MPH)
Batting: RHB Andrew Mahoney 0-0: Ground out 6-3 (Groundball, 6M, EV 98.1 MPH)
Batting: LHB Leonard Hutchinson 0-0: Ground out 2-3 (Groundball, 2L, EV 68.8 MPH)
Top of the 3rd over - 0 runs, 0 hits, 0 errors, 0 left on base; Norfolk 0 - Orlando 2
BOTTOM OF THE 3RD
Orlando Wizards batting - Pitching for Norfolk Tides : LHP Gunner Merrill
Batting: RHB Ryan DesMarais 0-0: Swinging Strike
0-1: Swinging Strike
0-2: Ball
1-2: Ball
2-2: SINGLE (Line Drive, 9S, EV 101.2 MPH)
Batting: LHB Montana Santoscoy 0-0: Called Strike
0-1: Called Strike
0-2: Strikes out swinging
Batting: LHB Danny Gore 0-0: Called Strike
0-1: Ball
1-1: Swinging Strike
1-2: Ball
2-2: Ball
3-2: Fielders Choice at 2nd, 6-4 (Groundball, 6, EV 96.9 MPH)
Batting: LHB Bridger Davis 0-0: SINGLE (Groundball, 34D, EV 110.0 MPH)
Danny Gore to second
Runner from 2nd tries for 3rd, SAFE, no throw by RF
Batting: RHB Tevon Banks 0-0: Ball
1-0: Ball
2-0: Foul Ball, location: 2F
2-1: Foul Ball, location: 2F
2-2: Ball
3-2: Base on Balls
Bridger Davis to second
Batting: RHB Ricky Alvarado 0-0: Foul Ball, location: 2F
0-1: Ball
1-1: Fielders Choice at 2nd, 6-4 (Groundball, 6, EV 79.4 MPH)
Bottom of the 3rd over - 0 runs, 2 hits, 0 errors, 3 left on base; Norfolk 0 - Orlando 2
TOP OF THE 4TH
Norfolk Tides batting - Pitching for Orlando Wizards : RHP Jimmy Robinson
Batting: LHB Cooper Rasmussen 0-0: Called Strike
0-1: Ball
1-1: Fly out, F7 (Flyball, 7D, EV 101.2 MPH)
Batting: RHB Dylan Wagner 0-0: Ball
1-0: Reached on error, E1 (Groundball, 15S, EV 64.4 MPH)
Batting: LHB Hunter Nachreiner 0-0: Swinging Strike
0-1: Called Strike
0-2: Foul Ball, location: 2F
0-2: Ball
1-2: Foul Ball, location: 2F
1-2: Ball
2-2: Fly out, F8 (Flyball, 8RM, EV 91.2 MPH)
Batting: RHB Austin Zinger 0-0: Called Strike
0-1: Ball
1-1: Fly out, F8 (Line Drive, 8LD, EV 87.5 MPH)
Top of the 4th over - 0 runs, 0 hits, 1 error, 1 left on base; Norfolk 0 - Orlando 2
BOTTOM OF THE 4TH
Orlando Wizards batting - Pitching for Norfolk Tides : LHP Gunner Merrill
Batting: LHB Tim Combs 0-0: Called Strike
0-1: Called Strike
0-2: Ball
1-2: Ball
2-2: Ball
3-2: Ground out 6-3 (Groundball, 6, EV 85.0 MPH)
Batting: SHB Victor Manuel Lisboa 0-0: Called Strike
0-1: Ball
1-1: Ball
2-1: Foul Ball, location: 2F
2-2: Ball
3-2: Base on Balls
Batting: RHB Carey Speer 0-0: Ball
1-0: Ground out 6-3 (Groundball, 6MS, EV 64.4 MPH)
Victor Manuel Lisboa to second
Batting: RHB Ryan DesMarais 0-0: Swinging Strike
0-1: Ball
1-1: Ball
2-1: Swinging Strike
2-2: Strikes out swinging
Bottom of the 4th over - 0 runs, 0 hits, 0 errors, 1 left on base; Norfolk 0 - Orlando 2
TOP OF THE 5TH
Norfolk Tides batting - Pitching for Orlando Wizards : RHP Jimmy Robinson
Batting: RHB Antonio Martinez 0-0: Called Strike
0-1: Foul Ball, location: 2F
0-2: Ball
1-2: Ball
2-2: Strikes out swinging
Batting: SHB William Wheeler 0-0: Called Strike
0-1: Ground out 6-3 (Groundball, 6, EV 86.9 MPH)
Batting: LHB Pete Hardin 0-0: Ball
1-0: Ball
2-0: Ground out 4-3 (Groundball, 4S, EV 81.9 MPH)
Top of the 5th over - 0 runs, 0 hits, 0 errors, 0 left on base; Norfolk 0 - Orlando 2
BOTTOM OF THE 5TH
Orlando Wizards batting - Pitching for Norfolk Tides : LHP Gunner Merrill
Batting: LHB Montana Santoscoy 0-0: Ball
1-0: Ball
2-0: Called Strike
2-1: Called Strike
2-2: Ball
3-2: Foul Ball, location: 2F
3-2: Strikes out swinging
Batting: LHB Danny Gore 0-0: SOLO HOME RUN (Flyball, 9D, EV 98.8 MPH), Distance : 371 ft
Batting: LHB Bridger Davis 0-0: Ball
1-0: Ball
2-0: Swinging Strike
2-1: SINGLE (Groundball, 6D, EV 102.5 MPH)
Batting: RHB Tevon Banks 0-0: Foul Ball, location: 2F
0-1: Foul Ball, location: 2F
0-2: Foul Ball, location: 2F
0-2: Foul Ball, location: 2F
0-2: SINGLE (Groundball, 34D, EV 99.4 MPH)
Bridger Davis to second
Runner from 2nd tries for 3rd, SAFE, no throw by RF
Batting: RHB Ricky Alvarado 0-0: Called Strike
0-1: Called Strike
0-2: Ball
1-2: Strikes out looking
Batting: LHB Tim Combs 0-0: Called Strike
0-1: Called Strike
0-2: Ball
1-2: Ball
2-2: Foul Ball, location: 2F
2-2: Strikes out swinging
Bottom of the 5th over - 1 run, 3 hits, 0 errors, 2 left on base; Norfolk 0 - Orlando 3
TOP OF THE 6TH
Norfolk Tides batting - Pitching for Orlando Wizards : RHP Jimmy Robinson
Batting: RHB Andrew Mahoney 0-0: Ball
1-0: Ball
2-0: SINGLE (Flyball, 56D, EV 89.4 MPH)
Batting: LHB Leonard Hutchinson 0-0: Foul Ball, location: 2F
0-1: Fielders Choice at 2nd, 6-4 (Groundball, 6, EV 99.4 MPH)
Batting: LHB Cooper Rasmussen 0-0: Swinging Strike
0-1: Ball
1-1: Ball
2-1: Ball
3-1: Base on Balls
Leonard Hutchinson to second
Batting: RHB Dylan Wagner 0-0: 3-RUN HOME RUN (Line Drive, 7D, EV 96.9 MPH), Distance : 352 ft
Batting: LHB Hunter Nachreiner 0-0: SOLO HOME RUN (Line Drive, 9D, EV 97.5 MPH), Distance : 357 ft
Batting: RHB Austin Zinger 0-0: Ball
1-0: Foul Ball, location: 2F
1-1: Foul Ball, location: 2F
1-2: Ball
2-2: Ball
3-2: Base on Balls
Pitching: LHP Josh Burr
Batting: RHB Antonio Martinez 0-0: Ball
1-0: Foul Ball, location: 2F
1-1: Ball
Wild Pitch!
Austin Zinger to second
2-1: Ball
3-1: Fly out, F7 (Flyball, 7D, EV 106.9 MPH)
Runner from 2nd tags up, SAFE at 3rd, no throw by LF
Batting: SHB William Wheeler 0-0: SINGLE (Line Drive, 56, EV 100.0 MPH)
Austin Zinger scores
Batting: LHB Pete Hardin 0-0: Called Strike
0-1: Called Strike
0-2: Ground out U3 (Groundball, 3L, EV 110.6 MPH)
Top of the 6th over - 5 runs, 4 hits, 0 errors, 1 left on base; Norfolk 5 - Orlando 3
BOTTOM OF THE 6TH
Orlando Wizards batting - Pitching for Norfolk Tides : LHP Gunner Merrill
Batting: SHB Victor Manuel Lisboa 0-0: Ball
1-0: Foul Ball, location: 2F
1-1: Ball
2-1: SINGLE (Groundball, 25, EV 65.6 MPH) (infield hit)
Pitching: RHP Alec Hernandez
Batting: RHB Carey Speer 0-0: Ball
1-0: Ball
2-0: Called Strike
2-1: Swinging Strike
2-2: Strikes out swinging
Batting: RHB Ryan DesMarais 0-0: Ball
1-0: Ball
2-0: Called Strike
2-1: Ball
3-1: Fly out, F8 (Line Drive, 8RM, EV 109.4 MPH)
Batting: LHB Montana Santoscoy 0-0: Called Strike
Victor Manuel Lisboa steals 2nd base
0-1: Ball
1-1: Swinging Strike
1-2: Strikes out swinging
Bottom of the 6th over - 0 runs, 1 hit, 0 errors, 1 left on base; Norfolk 5 - Orlando 3
TOP OF THE 7TH
Norfolk Tides batting - Pitching for Orlando Wizards : LHP Josh Burr
Batting: RHB Andrew Mahoney 0-0: Foul Ball, location: 2F
0-1: Ground out 5-3 (Groundball, 56S, EV 83.8 MPH)
Pitching: LHP Connor Gosa
Batting: LHB Leonard Hutchinson 0-0: Ball
1-0: Ball
2-0: Ground out 4-3 (Groundball, 4M, EV 88.1 MPH)
Batting: LHB Cooper Rasmussen 0-0: Ball
1-0: SINGLE (Groundball, 25, EV 77.5 MPH) (infield hit)
Pitching: LHP Alexander Allen
Batting: RHB Dylan Wagner 0-0: Ball
1-0: Fly out, F5 (Popup, 5F, EV 71.9 MPH)
Top of the 7th over - 0 runs, 1 hit, 0 errors, 1 left on base; Norfolk 5 - Orlando 3
BOTTOM OF THE 7TH
Orlando Wizards batting - Pitching for Norfolk Tides : RHP Alec Hernandez
Batting: LHB Danny Gore 0-0: Called Strike
0-1: Ball
1-1: Foul Ball, location: 2F
1-2: Foul Ball, location: 2F
1-2: Ball
2-2: Fly out, F6 (Flyball, 56D, EV 88.8 MPH)
Batting: LHB Bridger Davis 0-0: Foul Ball, location: 2F
0-1: Ball
1-1: Swinging Strike
1-2: Ball
2-2: Foul Ball, location: 2F
2-2: Ball
3-2: Base on Balls
Batting: RHB Tevon Banks 0-0: Ball
1-0: Swinging Strike
1-1: Ball
Bridger Davis is caught stealing 2nd base 2-4
2-1: Ground out U3 (Groundball, 34S, EV 68.1 MPH)
Bottom of the 7th over - 0 runs, 0 hits, 0 errors, 0 left on base; Norfolk 5 - Orlando 3
TOP OF THE 8TH
Norfolk Tides batting - Pitching for Orlando Wizards : LHP Alexander Allen
Batting: LHB Hunter Nachreiner 0-0: Called Strike
0-1: Called Strike
0-2: Strikes out looking
Batting: RHB Austin Zinger 0-0: Ground out 4-3 (Groundball, 4, EV 103.8 MPH)
Batting: RHB Antonio Martinez 0-0: Called Strike
0-1: Called Strike
0-2: Ball
1-2: Ball
2-2: Ball
3-2: Foul Ball, location: 2F
3-2: Reached on error, E6 (Groundball, 56, EV 86.2 MPH)
Batting: SHB William Wheeler 0-0: Ball
1-0: DOUBLE (Groundball, 5L, EV 96.2 MPH)
Antonio Martinez to third
Pinch Runner at 2nd Danny Banti:
Batting: LHB Pete Hardin 0-0: Ball
1-0: Ground out 4-3 (Groundball, 4, EV 90.6 MPH)
Top of the 8th over - 0 runs, 1 hit, 1 error, 2 left on base; Norfolk 5 - Orlando 3
BOTTOM OF THE 8TH
Orlando Wizards batting - Pitching for Norfolk Tides : RHP Alec Hernandez
Now at C: Danny Banti
Pinch Hitting: LHB Richie Muray 0-0: Ground out 4-3 (Groundball, 13, EV 83.1 MPH)
Batting: LHB Tim Combs 0-0: Fly out, F8 (Line Drive, 8RD, EV 109.4 MPH)
Batting: SHB Victor Manuel Lisboa 0-0: Called Strike
0-1: Ball
1-1: Foul Ball, location: 2F
1-2: Foul Ball, location: 2F
1-2: Ball
2-2: Ball
3-2: Base on Balls
Pitching: RHP Jordan Collins
Batting: RHB Carey Speer 0-0: Ground out 4-3 (Groundball, 34, EV 100.0 MPH)
Bottom of the 8th over - 0 runs, 0 hits, 0 errors, 1 left on base; Norfolk 5 - Orlando 3
TOP OF THE 9TH
Norfolk Tides batting - Pitching for Orlando Wizards : LHP Alexander Allen
Pitching: RHP Alfredo Fabrizio
Now at SS: Marcello Jackson
Batting: RHB Andrew Mahoney 0-0: Called Strike
0-1: Ball
1-1: Ball
2-1: Foul Ball, location: 2F
2-2: Ball
3-2: Base on Balls
Batting: LHB Leonard Hutchinson 0-0: Foul Ball, location: 2F
0-1: Swinging Strike
0-2: Fly out, F8 (Flyball, 8LM, EV 83.1 MPH)
Batting: LHB Cooper Rasmussen 0-0: Ball
Andrew Mahoney steals 2nd base
1-0: Intentional Walk
Batting: RHB Dylan Wagner 0-0: Called Strike
0-1: Called Strike
0-2: Ball
1-2: Ball
2-2: SINGLE (Line Drive, 3D, EV 95.0 MPH)
Andrew Mahoney to third
Cooper Rasmussen to second
Batting: LHB Hunter Nachreiner 0-0: Ball
1-0: Ball
2-0: Swinging Strike
2-1: Fly out, F9 (Flyball, 9D, EV 102.5 MPH)
Runner from 3rd tags up, SCORES, throw by RF
Batting: RHB Austin Zinger 0-0: Ball
1-0: Foul Ball, location: 2F
1-1: Ball
2-1: Ball
3-1: Fly out, F8 (Flyball, 78D, EV 100.0 MPH)
Top of the 9th over - 1 run, 1 hit, 0 errors, 2 left on base; Norfolk 6 - Orlando 3
BOTTOM OF THE 9TH
Orlando Wizards batting - Pitching for Norfolk Tides : RHP Jordan Collins
Batting: RHB Ryan DesMarais 0-0: Ball
1-0: Ball
2-0: Ground out 4-3 (Groundball, 4, EV 89.4 MPH)
Batting: LHB Montana Santoscoy 0-0: Called Strike
0-1: Foul Ball, location: 2F
0-2: Ball
1-2: Strikes out swinging
Batting: LHB Danny Gore 0-0: Fly out, F9 (Line Drive, 9D, EV 85.6 MPH)
Bottom of the 9th over - 0 runs, 0 hits, 0 errors, 0 left on base; Norfolk 6 - Orlando 3
Friday, April 19th , 2024 - OOTP Baseball 24.11 Build 85